 Dungeon Crawl Stone Soup version 0.30-a0-234-g97d66968fd (webtiles) character file.

Game seed: 5015531450301711714

77 Essalna the Firebug (level 4, 0/26 HPs)
             Began as a Gargoyle Fire Elementalist on Oct 10, 2022.
             Splashed by a jelly's acid (10 damage)
             ... on level 2 of the Dungeon.
             The game lasted 00:02:44 (2030 turns).

Essalna the Firebug (Gargoyle Fire Elementalist)    Turns: 2030, Time: 00:02:44

Health: 0/26       AC:  7    Str: 11    XL:     4   Next: 34%
Magic:  4/7        EV: 15    Int: 18    God:
Gold:   99         SH:  0    Dex: 10    Spells: 4/7 levels left

rFire   . . .      SeeInvis .    p - +0 whip (elec)
rCold   . . .      Faith    .    (no shield)
rNeg    + . .      Spirit   .    a - +0 robe
rPois   ∞          Reflect  .    (no helmet)
rElec   +          Harm     .    n - +1 cloak
rCorr   .          Rampage  .    (no gloves)
Will    .....                    (no boots)
Stlth   ++........               (no amulet)
HPRegen 0.24/turn                i - +4 ring of evasion
MPRegen 0.10/turn                (no ring)

@: no status effects
A: sickness immunity, AC +3, negative energy resistance 1, electricity
resistance, torment resistance 1, petrification resistance
a: no special abilities


You were on level 2 of the Dungeon.
You visited 1 branch of the dungeon, and saw 2 of its levels.

You collected 99 gold pieces.

Inventory:

Hand Weapons
 c - a +0 spear
 p - a +0 whip of electrocution (weapon)
Missiles
 q - a throwing net
Armour
 a - a +0 robe (worn)
 n - a +1 cloak (worn)
Jewellery
 f - a ring of positive energy
 i - a +4 ring of evasion (left hand)
Scrolls
 d - 3 scrolls of identify {unknown}
 g - a scroll of immolation {unknown}
 l - a scroll of amnesia {unknown}
 o - a scroll of torment {unknown}
 r - a scroll of acquirement {unknown}
Potions
 b - a potion of magic
 e - 2 potions of attraction {unknown}
 h - a potion of resistance {unknown}
 j - a potion of invisibility {unknown}
 k - 3 potions of lignification {unknown}
 m - a potion of degeneration {unknown}


   Skills:
 + Level 2.2 Fighting
 - Level 1.5 Dodging
 - Level 2.1 Stealth
 - Level 2.0 Spellcasting
 + Level 2.6 Conjurations
 + Level 3.8 Fire Magic


You had 4 spell levels left.
You knew the following spells:

 Your Spells              Type           Power      Damage    Failure   Level
a - Foxfire               Conj/Fire      52%        2x1d6     4%          1
b - Scorch                Fire           30%        2d7       6%          2

Your spell library contained the following spells:

 Spells                   Type           Power      Damage    Failure   Level
 Inner Flame              Hex/Fire       8%         N/A       26%         3
 Kindle Blastsparks       Fire/Tloc/Air  12%        2d11      32%         3
 Flame Wave               Conj/Fire      13%        2d6       43%         4
 Fireball                 Conj/Fire      6%         3d5       80%         5
 Starburst                Conj/Fire      6%         6d4       100%        6


Dungeon Overview and Level Annotations

Branches:
Dungeon (2/15)

Altars:


Innate Abilities, Weirdness & Mutations

You are immune to sickness and miasma.
Your stone body is resilient. (AC +3)
You are immune to poison.
You resist negative energy. (rN+)
You are resistant to electric shocks. (rElec)
You are resistant to unholy torment.
You are immune to petrification.


Message History

There is an open door here.
The endoplasm attacks as you move away! The endoplasm closely misses you.
The endoplasm attacks as you move away! The endoplasm barely misses you.
Casting: Foxfire (safe; 4% risk of failure)
Confirm with . or Enter, or press ? or * to list all spells.
You conjure some foxfire!
The endoplasm completely misses you.
The jelly jiggles.
The foxfire hits the jelly.
The jelly is lightly wounded.
Casting: Foxfire (safe; 4% risk of failure)
Confirm with . or Enter, or press ? or * to list all spells.
There is not enough space to conjure foxfire!
Casting: Foxfire (safe; 4% risk of failure)
Confirm with . or Enter, or press ? or * to list all spells.
There is not enough space to conjure foxfire!
You hit the endoplasm.
You kill the endoplasm!
The foxfire hits the jelly.
The jelly is moderately wounded.
The jelly closely misses you.
Casting: Foxfire (safe; 4% risk of failure)
Confirm with . or Enter, or press ? or * to list all spells.
You conjure some foxfire!
The endoplasm misses you. The jelly closely misses you.
You hit the endoplasm but do no damage.
Lightning courses through the endoplasm!
You kill the endoplasm!
The foxfire hits the jelly.
The jelly is moderately wounded.
The jelly completely misses you.
Casting: Foxfire (safe; 4% risk of failure)
Confirm with . or Enter, or press ? or * to list all spells.
You conjure some foxfire!
The jelly barely misses you. The endoplasm barely misses you.
You hit the endoplasm.
The endoplasm is moderately wounded.
The foxfire hits the endoplasm.
You kill the endoplasm!
The jelly hits you.
You are splashed with acid!
You die...

####.# .....# .....# .....#
.....##### .........#
.........# ########
.....###############.÷÷..÷#
#.##.######.....@##'÷.J...#
#....##.##.....J.#J#÷.....#
...####.'........#.#PPJ...#
##÷.....)........#J#J....J#
#......)......#'#.#JJP.PP#
###...#.##.....#.#J#....J.#
......#####....#.#.#.PJ.P.#
.##...###########.##.....!#
# .#....+..# ###########
.##


You could see a jelly.

Vanquished Creatures
  2 adders (D:2)
  2 dart slugs (D:2)
  4 bats
  8 endoplasms
  2 giant cockroaches
  6 goblins
  5 hobgoblins
  2 jackals (D:2)
  A quokka (D:2)
  5 ball pythons
  3 frilled lizards
  11 kobolds
  3 rats
54 creatures vanquished.

Vanquished Creatures (collateral kills)
  A foxfire (D:1)
1 creature vanquished.

Vanquished Creatures (others)
  174 foxfires
  5 fungi (D:2)
  9 toadstools (D:2)
188 creatures vanquished.

Grand Total: 243 creatures vanquished

Notes
Turn   | Place    | Note
-------+----------+-------------------------------------------
     0 | D:1      | Essalna the Gargoyle Fire Elementalist began the quest for
                  | the Orb.
     0 | D:1      | Reached XP level 1. HP: 10/10 MP: 3/3
   198 | D:1      | Reached XP level 2. HP: 16/16 MP: 0/5
   360 | D:1      | Reached skill level 1 in Fighting
   864 | D:1      | Reached XP level 3. HP: 20/20 MP: 3/6
   933 | D:1      | Learned a level 2 spell: Scorch
  1609 | D:2      | Reached XP level 4. HP: 26/26 MP: 2/7
  2030 | D:2      | Splashed by a jelly's acid

Illustrated notes

Levels and vault maps discovered:
D:1:      evilmike_arrival_hilbert_curve, layout_rooms, serial_bayou_ford_a
D:2:      cheibrodos_fertilizer, layout_basic

Skill      XL: |  1  2  3 |
---------------+----------+-----
Fighting       | 1 2 |  2.2
Conjurations   | 2 |  2.6
Dodging        | |  1.5
Stealth        | |  2.1
Spellcasting   | |  2.0
Fire Magic     | |  3.8

Action                   |  1- 3 |  4- 6 || total
-------------------------+-------+-------++-------
Melee: Spear             |    41 |       ||    41
       Whip              |     3 |    34 ||    37
       Punch             |       |     1 ||     1
 Cast: Foxfire           |    77 |    25 ||   102
Armor: Robe              |     7 |     8 ||    15
Dodge: Dodged            |    43 |    32 ||    75

Table legend: (Time is in decaauts)
 A = Elapsed time spent in this place.
 B = Non-inter-level travel time spent in this place.
 C = Inter-level travel time spent in this place.
 D = Time resting spent in this place.
 E = Time spent auto-exploring this place.
 F = Levels seen in this place.
 G = Mean time per level.
                   A        B        C        D        E       F      G
               +--------+--------+--------+--------+--------+-----+--------+
         Total |   2040 |   2012 |     28 |      0 |   1668 |   2 | 1020.0 |
       Dungeon |   2040 |   2012 |     28 |      0 |   1668 |   2 | 1020.0 |
               +--------+--------+--------+--------+--------+-----+--------+

Top non-repeatable levels by time:
     D:1: 1059 daAuts
     D:2: 980 daAuts
